 Dungeon Crawl Stone Soup version 0.22-a0-252-gcace5d2 (webtiles) character file.

251 Firecrotchwizard the Ruffian (level 6, -1/33 HPs)
             Began as a Vine Stalker Fighter on Mar 1, 2018.
             Splashed by a jelly's acid (5 damage)
             ... on level 5 of the Dungeon.
             The game lasted 00:05:10 (2663 turns).

Firecrotchwizard the Ruffian (Vine Stalker Fighter) Turns: 2663, Time: 00:05:10

Health: -1/33      AC:  1    Str: 19    XL:     6   Next: 13%
Magic:  0/7        EV:  4    Int:  8    God:
Gold:   288        SH:  9    Dex: 15    Spells: 5/5 levels left

rFire    . . .     SeeInvis .     - Unarmed
rCold    + . .     Gourm    .   b - +0 shield
rNeg     . . .     Faith    .   y - +0 chain mail
rPois    .         Spirit   +   (no helmet)
rElec    .         Reflect  .   (no cloak)
rCorr    .         Harm     .   (no gloves)
MR       .....                  i - +0 pair of boots
Stlth    ..........             p - amulet of the acrobat
HPRegen  0.51/turn              r - ring of protection from cold {rC+, !d}
MPRegen  0.10/turn              t - ring of stealth {Stlth+}

@: corroded
A: fangs 2, regeneration 1, magic shield, antimagic bite, no potion heal 3, rot
immunity
a: no special abilities


You were on level 5 of the Dungeon.
You were not hungry.

You visited 1 branch of the dungeon, and saw 5 of its levels.

You collected 288 gold pieces.

Inventory:

Hand Weapons
 n - a +2 dagger of draining
   (You found it on level 1 of the Dungeon)
Armour
 a - a +0 scale mail
 b - a +0 shield (worn)
 i - a +0 pair of boots (worn)
   (You found it on level 1 of the Dungeon)
 m - a cursed -2 leather armour
   (You found it on level 1 of the Dungeon)
 w - a scarf of spirit shield
   (You found it on level 4 of the Dungeon)
 y - a +0 chain mail (worn)
   (You took it off an orc on level 2 of the Dungeon)
Jewellery
 p - an amulet of the acrobat (around neck)
   (You found it on level 2 of the Dungeon)
 r - a ring of protection from cold (left hand) {rC+, !d}
   (You found it on level 2 of the Dungeon)
 t - a ring of stealth (right hand) {Stlth+}
   (You found it on level 3 of the Dungeon)
Scrolls
 f - 2 scrolls of blinking {unknown}
 g - 3 scrolls of enchant weapon {unknown}
 h - 3 scrolls of remove curse {unknown}
 j - 2 scrolls of noise {unknown}
 k - 2 scrolls of fear {unknown}
 o - a scroll of amnesia {unknown}
 q - a scroll of magic mapping {unknown}
 s - a scroll of fog {unknown}
 v - 3 scrolls of identify
 x - a scroll of teleportation {unknown}
Potions
 c - 3 potions of might
 e - 2 potions of flight {unknown}
 l - 5 potions of curing {unknown}
 u - a potion of invisibility {unknown}
 z - a potion of mutation {unknown}
 A - a potion of ambrosia {unknown}
Comestibles
 d - 6 rations {@e1}
 B - a chunk of flesh {@w0}


   Skills:
 + Level 4.0 Fighting
 - Level 2.4 Armour
 - Level 2.6 Shields
 * Level 5.2 Unarmed Combat


You had 5 spell levels left.
You didn't know any spells.

Dungeon Overview and Level Annotations

Branches:
Dungeon (5/15)
 Temple: D:4-7

Altars:
Trog

Annotations:
D:4 quoriil's ghost, amateur TrMo


Innate Abilities, Weirdness & Mutations

You have extremely sharp teeth.
Your natural rate of healing is unusually fast.
When hurt, damage is shared between your health and your magic reserves.
Your bite disrupts and absorbs the magic of your enemies.
Potions cannot restore your health.
You are immune to rotting.


Message History

Your chain mail prevents you from hitting the quokka.
Your bite misses the quokka. The quokka bites you.
The quokka bites you but does no damage.
You take 3 damage, and have 30/33 hp.
You now have 6/7 mp.
You hit the leopard gecko skeleton.
The leopard gecko skeleton bites you but does no damage.
The quokka bites you but does no damage.
You hit the leopard gecko skeleton.
You destroy the leopard gecko skeleton!
The quokka bites you.
You take 3 damage, and have 28/33 hp.
Your shield and chain mail prevent you from hitting the quokka.
You block the quokka's attack.
MP restored: 7 You hit the quokka.
Your bite misses the quokka. You block the quokka's attack.
You hit the quokka but do no damage.
You kill the quokka!
No target in view!
l - 4 bubbling dark potions (gained 1)
You now have 282 gold pieces (gained 16).
A - a purple potion Health restored: 33 You butcher the quokka corpse.
B - a chunk of flesh {@w0} You now have 288 gold pieces (gained 6).
There is a large open door here.
A leopard gecko comes into view.
The leopard gecko hisses angrily.
A leopard gecko is nearby!
The leopard gecko bites you but does no damage.
You closely miss the leopard gecko.
You kill the leopard gecko!
No target in view!
You butcher the leopard gecko corpse.
B - 2 chunks of flesh {@w0} (gained 1)
l - 5 bubbling dark potions (gained 1)
An adder comes into view.
The adder hisses angrily.
An adder is nearby!
You hit the adder. The adder barely misses you.
You miss the adder. Your bite misses the adder. The adder bites you.
You take 3 damage, and have 30/33 hp.
Your chain mail prevents you from hitting the adder.
Your bite misses the adder. The adder bites you but does no damage.
You hit the adder. Your bite misses the adder.
You are feeling hungry.
The adder bites you but does no damage. x2
You hit the adder.
You kill the adder!
No target in view!
Autoeating chunks.
Eating one of 2 chunks of flesh {@w0}.
You eat one of the 2 chunks of flesh {@w0}.
Quoriil's ghost (amateur Troll Monk) comes into view.
Health restored: 33
Here: quoriil's ghost (hasn't noticed you)
The floor.
(D) Dungeon
Where to? (Enter - D:4, ? - help) Quoriil's ghost turns its malevolent gaze towards you.
Quoriil's ghost is too close now for your liking.
Quoriil's ghost says, "You would make a fine zombie."
There is a stone staircase leading down here.
You climb downwards.
There is a stone staircase leading up here.
There is a stone staircase leading up here.
Found a stone staircase leading down.
You open the door.
Found a bloodstained altar of Trog.
Found a stone staircase leading down.
A jelly comes into view.
The jelly quivers.
The jelly closely misses you.
You hit the jelly. The acid corrodes you!
Your hands burn!
The jelly hits you but does no damage.
You take 2 damage, and have 31/33 hp.
You now have 6/7 mp.
You hit the jelly but do no damage. The acid corrodes you!
Your hands burn!
You bite the jelly, but do no damage. You block the jelly's attack.
You take 2 damage, and have 29/33 hp.
Your shield and chain mail prevent you from hitting the jelly.
You block the jelly's attack.
You completely miss the jelly. You bite the jelly, but do no damage.
The jelly hits you.
You are splashed with acid!
The acid burns!
You take 10 damage, and have 20/33 hp.
MASSIVE DAMAGE!!
You now have 5/7 mp.
You are too injured to fight recklessly!
You are too injured to fight recklessly!
You hit the jelly but do no damage.
Your hands burn!
The jelly hits you.
You are splashed with acid!
The acid burns!
* * * LOW HITPOINT WARNING * * *
You take 12 damage, and have 8/33 hp.
MASSIVE DAMAGE!!
You now have 2/7 mp.
You hit the jelly but do no damage.
Your hands burn!
* * * LOW HITPOINT WARNING * * *
You bite the jelly, but do no damage. The jelly hits you.
* * * LOW HITPOINT WARNING * * *
You are splashed with acid!
The acid burns!
You die...

#...######### ..
#...# #..# #...#
#... #...# #...
#...# ... #...# ##
#.## #...#
....##..##.##..####
........@J.##.....#
...###.#####.....#
#.....#.....#
##....#.....#######
#....#............
#....#.#####.#####
#....#.# #..#
####.###.# ##.##
#......#.# #..#


You could see a jelly.

Vanquished Creatures
  A hound (D:3)
  A bullfrog skeleton (D:4)
  An orc priest (D:4)
  A worker ant (D:4)
  3 adders
  A shadow imp (D:4)
  An ooze (D:4)
  A dart slug (D:2)
  4 leopard geckos
  14 orcs
  4 giant cockroaches
  6 goblins
  9 hobgoblins
  7 jackals
  6 kobolds
  4 quokkas
  6 bats
  3 frilled lizards
  A leopard gecko skeleton (D:4)
  3 rats
77 creatures vanquished.

Notes
Turn   | Place    | Note
-------+----------+-------------------------------------------
     0 | D:1      | Firecrotchwizard the Vine Stalker Fighter began the quest for the Orb.
     0 | D:1      | Reached XP level 1. HP: 11/11 MP: 2/2
   127 | D:1      | Reached XP level 2. HP: 16/16 MP: 3/3
   336 | D:1      | Reached skill level 3 in Fighting
   652 | D:2      | Reached skill level 3 in Unarmed Combat
   692 | D:2      | Reached XP level 3. HP: 18/20 MP: 4/4
  1368 | D:2      | HP: 5/20 [orc/falchion (2)]
  1370 | D:2      | Gained mutation: Your natural rate of healing is unusually fast. [Vine Stalker growth]
  1370 | D:2      | Reached XP level 4. HP: 7/24 MP: 1/5
  1530 | D:3      | Reached skill level 4 in Unarmed Combat
  1566 | D:3      | Reached XP level 5. HP: 28/28 MP: 4/6
  2092 | D:4      | Reached skill level 5 in Unarmed Combat
  2093 | D:4      | Reached skill level 4 in Fighting
  2116 | D:4      | Reached XP level 6. HP: 25/33 MP: 7/7
  2560 | D:4      | Noticed quoriil's ghost (amateur TrMo)
  2597 | D:5      | Entered Level 5 of the Dungeon
  2636 | D:5      | Found a bloodstained altar of Trog.
  2662 | D:5      | HP: 8/33 [acid (8)]
  2663 | D:5      | Splashed by a jelly's acid

Vault maps used:
D:1:      lightli_arrival_chessboard, serial_bayou_pond_d
D:2:      first_ration, serial_glass, glass_columns_a, glass_columns_c,
          feat_on_display, item_on_display_a, feat_on_display
D:4:      kennysheep_opposing_triangles
D:5:      nicolae_overflow_crystal_walls, nicolae_tso_swordbearing_angel,
          kennysheep_mini, bloody_trog

Skill      XL: |  1  2  3  4  5 |
---------------+----------------+-----
Fighting       | 3 4 |  4.0
Unarmed Combat | 3 4 5 |  5.2
Armour         | |  2.4
Shields        | |  2.6

Action                   |  1- 3 |  4- 6 || total
-------------------------+-------+-------++-------
Melee: Unarmed           |   117 |   153 ||   270
       Bite              |    29 |    42 ||    71
  Use: Scroll            |     2 |       ||     2
  Eat: Chunk             |     1 |     5 ||     6
Armor: Scale mail        |    42 |    47 ||    89
       Chain mail        |       |     8 ||     8
Dodge: Dodged            |    58 |    35 ||    93
Block: Shield            |    86 |    71 ||   157

Table legend:
 A = Spawn XP
 B = Non-spawn XP
 C = Spawn XP percentage of total XP
 D = Spawn monster count
 E = Non-spawn monster count
 F = Spawn count percentage of total count
 G = Total turns spent on level
                    A         B        C        D         E        F      G
               +---------+---------+-------+---------+---------+-------+---------
         Total |       0 |     359 |   0.0 |       0 |      77 |   0.0 |  2663
               +---------+---------+-------+---------+---------+-------+---------
           D:1 |       0 |      30 |   0.0 |       0 |      17 |   0.0 |   637
           D:2 |       0 |      55 |   0.0 |       0 |      19 |   0.0 |   769
           D:3 |       0 |      96 |   0.0 |       0 |      21 |   0.0 |   433
           D:4 |       0 |     178 |   0.0 |       0 |      20 |   0.0 |   758
               +---------+---------+-------+---------+---------+-------+---------

Vault maps used:
D:1:      lightli_arrival_chessboard, serial_bayou_pond_d
D:2:      first_ration, serial_glass, glass_columns_a, glass_columns_c,
          feat_on_display, item_on_display_a, feat_on_display
D:4:      kennysheep_opposing_triangles
D:5:      nicolae_overflow_crystal_walls, nicolae_tso_swordbearing_angel,
          kennysheep_mini, bloody_trog

Table legend:
 A = Turns spent in this place as a percentage of turns spent in the entire game.
 B = Non-inter-level travel turns spent in this place as a percentage of non-inter-level travel turns spent in the entire game.
 C = Inter-level travel turns spent in this place as a percentage of turns spent in this place.
 D = Turns resting spent in this place as a percentage of non-inter-level travel turns spent in this place.
 E = Turns spent auto-exploring this place as a percentage of non-inter-level travel turns spent in this place.
 F = Non-inter-level travel turns spent in this place divided by the number of levels of this place that you've seen.
                   A       B       C       D       E      F
               +-------+-------+-------+-------+-------+----------------------
         Total | 100.0 | 100.0 |   5.0 |   8.8 |  69.2 | 506.2
       Dungeon | 100.0 | 100.0 |   5.0 |   8.8 |  69.2 | 506.2
               +-------+-------+-------+-------+-------+----------------------

Table legend:
 A = Kills in this place as a percentage of kills in entire the game.
 B = Kills by you in this place as a percentage of kills by you in the entire game.
 C = Kills by friends in this place as a percentage of kills by friends in the entire game.
 D = Other kills in this place as a percentage of other kills in the entire game.
 E = Experience gained in this place as a percentage of experience gained in the entire game.
 F = Experience gained in this place divided by the number of levels of this place that you have seen.
                   A       B       C       D       E      F
               +-------+-------+-------+-------+-------+----------------------
         Total | 100.0 | 100.0 |   N/A |   N/A | 100.0 |  71.8
       Dungeon | 100.0 | 100.0 |   N/A |   N/A | 100.0 |  71.8
               +-------+-------+-------+-------+-------+----------------------
